 Dungeon Crawl Stone Soup version 0.19.5 (webtiles) character file.

9202 Firecrotchwizard the Cleaver (level 11, -10/97 HPs)
             Began as a Minotaur Berserker on Apr 22, 2017.
             Was a High Priest of Trog.
             Killed from afar by an electric eel (14 damage)
             ... with a bolt of electricity
             ... on level 9 of the Dungeon.
             The game lasted 00:23:31 (7172 turns).

Firecrotchwizard the Cleaver (Minotaur Berserker)   Turns: 7172, Time: 00:23:31

Health: -10/97     AC: 20    Str: 22    XL:     11   Next: 19%
Magic:  10/10      EV: 10    Int:  4    God:    Trog [*****.]
Gold:   356        SH: 17    Dex: 13    Spells: 0 memorised, 10 levels left

rFire  . . .     SeeInvis .     n - +0 war axe
rCold  . . .     Gourm    .     F - +0 plate armour (curse)
rNeg   . . .     Faith    .     D - +0 large shield
rPois  .         Spirit   .     j - +1 hat
rElec  .         Reflect  .     P - +0 cloak
rCorr  .         Harm     .     v - +1 pair of gloves
MR     +....                    C - +0 pair of boots
Stlth  ..........               h - amulet of regeneration {+regen, !d}
                                L - ring of protection from magic {MR+, !d}
                                x - +3 ring of evasion

@: no status effects
A: retaliatory headbutt, horns 2
a: Berserk, Trog's Hand, Brothers in Arms, Burn Spellbooks, Renounce Religion


You were on level 9 of the Dungeon.
You worshipped Trog.
Trog was extremely pleased with you.
You were not hungry.

You visited 1 branch of the dungeon, and saw 9 of its levels.

You collected 416 gold pieces.
You spent 60 gold pieces at shops.

Inventory:

Hand Weapons
 n - a +0 war axe (weapon)
   (You took it off an orc warrior on level 9 of the Dungeon)
Missiles
 a - 8 javelins
 u - 3 throwing nets {=f, !d}
 R - 3 silver tomahawks (quivered)
Armour
 j - a +1 hat (worn)
   (You found it on level 1 of the Dungeon)
 v - a +1 pair of gloves (worn)
   (You found it on level 3 of the Dungeon)
 C - a +0 pair of boots (worn)
   (You found it on level 4 of the Dungeon)
 D - a +0 large shield (worn)
   (You found it on level 7 of the Dungeon)
 F - a cursed +0 plate armour (worn)
   (You took it off an orc warrior on level 9 of the Dungeon)
 I - a +2 buckler
   (You found it on level 5 of the Dungeon)
 P - a +0 cloak (worn)
   (You found it on level 6 of the Dungeon)
Jewellery
 h - an amulet of regeneration (around neck) {+regen, !d}
   (You found it on level 3 of the Dungeon)
 x - a +3 ring of evasion (left hand)
   (You found it on level 4 of the Dungeon)
 L - a ring of protection from magic (right hand) {MR+, !d}
   (You found it on level 5 of the Dungeon)
 S - an uncursed ring of protection from cold {rC+, !d}
   (You found it on level 8 of the Dungeon)
 T - a cursed ring of loudness {unknown}
   (You found it on level 9 of the Dungeon)
 V - an uncursed amulet of magic regeneration
   (You found it on level 9 of the Dungeon)
Wands
 b - a wand of polymorph (24/24)
   (You found it on level 7 of the Dungeon)
 k - a wand of enslavement (11/24)
   (You found it on level 9 of the Dungeon)
 H - a wand of flame (27/48)
   (You found it on level 9 of the Dungeon)
 O - a wand of confusion (21/48)
   (You found it on level 6 of the Dungeon)
 U - a wand of lightning (3/15)
   (You found it on level 9 of the Dungeon)
Scrolls
 l - 8 scrolls of identify
 y - a scroll of fog
 z - 2 scrolls of amnesia
 B - 2 scrolls of enchant armour
 G - 2 scrolls of teleportation
 N - 3 scrolls of remove curse
 Q - a scroll of recharging
Potions
 d - 3 potions of curing
 e - 3 potions of ambrosia
 g - a potion of mutation {unknown}
 m - 3 potions of magic
 o - a potion of degeneration {unknown}
 p - 2 potions of lignification {unknown}
 r - a potion of invisibility {unknown}
 s - 3 potions of berserk rage {!q}
 t - 2 potions of heal wounds
 w - a potion of brilliance {unknown}
 A - a potion of might {unknown}
 M - a potion of haste {unknown}
Comestibles
 c - 9 bread rations {@e1}
 f - 5 meat rations {@e2}
 i - a royal jelly
 E - 8 fruits
 J - 9 beef jerkies
 K - a slice of pizza
 W - 14 chunks of flesh {@w0}


   Skills:
 + Level 9.2 Fighting
 * Level 12.5 Axes
 + Level 9.0 Armour
 + Level 8.2 Dodging
 + Level 8.3 Shields


You had 10 spell levels left.
You didn't know any spells.

Dungeon Overview and Level Annotations

Branches:
Dungeon (9/15)             Temple (0/1) D:6
   Lair: D:8-11         Orc: D:9-12

Altars:
Nemelex Xobeh
Trog
Uskayaw
Vehumet

Shops:
D:4 ?   D:6 [


Innate Abilities, Weirdness & Mutations

You reflexively headbutt those who attack you in melee.
You have a pair of horns on your head.


Message History

You block the hound's attack.
You barely miss the hound.
The hound splashes around in the water.
You block the hound's attack.
Your unstable footing causes you to fumble your attack.
You block the hound's attack.
You closely miss the hound. Your headbutt misses the hound.
The hound closely misses you.
The hound splashes around in the water.
Your unstable footing causes you to fumble your attack.
You block the hound's attack.
You hit the hound but do no damage. You block the hound's attack.
The hound splashes around in the water.
Your unstable footing causes you to fumble your attack.
The hound bites you but does no damage. You block the hound's attack.
Your shield and plate armour prevent you from hitting the hound.
Your headbutt misses the hound. The hound bites you but does no damage.
You closely miss the hound. Your headbutt misses the hound.
You block the hound's attack. x2
You hit the hound but do no damage. Your headbutt misses the hound.
The hound bites you but does no damage. The hound completely misses you.
You furiously retaliate!
You headbutt the hound.
The hound splashes around in the water.
You closely miss the hound. You hit the plant. You block the hound's attack.
You miss the hound. Your headbutt misses the hound.
You hit the plant but do no damage. The hound barely misses you.
You furiously retaliate!
You headbutt the hound! You slash the hound!
You kill the hound!
Trog accepts your kill.
You hit the plant but do no damage.
You enter the shallow water.
Moving in this stuff is going to be slow.
You see here a hound corpse.
You butcher the hound corpse.
W - 14 chunks of flesh {@w0} (gained 3)
R - 2 silver tomahawks (gained 1)
An electric eel comes into view.
You see here a silver tomahawk.
R - 3 silver tomahawks (gained 1)
The electric eel shoots out a bolt of lightning at you!
The bolt of electricity hits you!
The bolt of electricity hits the plant.
You take 11 damage, and have 86/97 hp.
You see here 8 javelins.
a - 8 javelins The electric eel shoots out a bolt of lightning at you!
The bolt of electricity hits you!
The bolt of electricity hits the plant.
You take 11 damage, and have 75/97 hp.
You miss the electric eel.
The electric eel shoots out a bolt of lightning at you!
The bolt of electricity hits you! x2
You take 12 damage, and have 64/97 hp.
You closely miss the electric eel.
The electric eel shoots out a bolt of lightning at you!
The bolt of electricity misses you. The bolt of electricity hits you!
You take 5 damage, and have 59/97 hp.
Your plate armour prevents you from hitting the electric eel.
The electric eel shoots out a bolt of lightning at you!
The bolt of electricity hits you! x2
You take 9 damage, and have 50/97 hp.
You barely miss the electric eel.
The electric eel shoots out a bolt of lightning at you!
The bolt of electricity hits you! x2
You take 13 damage, and have 37/97 hp.
Your shield and plate armour prevent you from hitting the electric eel.
Your headbutt misses the electric eel. You closely miss the electric eel.
The electric eel shoots out a bolt of lightning at you!
The bolt of electricity hits you! The bolt of electricity misses you.
You take 8 damage, and have 30/97 hp.
Your shield and plate armour prevent you from hitting the electric eel.
The electric eel shoots out a bolt of lightning at you!
The bolt of electricity hits you! x2
* * * LOW HITPOINT WARNING * * *
You take 4 damage, and have 26/97 hp.
You closely miss the electric eel.
The electric eel shoots out a bolt of lightning at you!
The bolt of electricity hits you!
* * * LOW HITPOINT WARNING * * *
The bolt of electricity hits you!
* * * LOW HITPOINT WARNING * * *
You take 10 damage, and have 16/97 hp.
You slash the electric eel!
The electric eel shoots out a bolt of lightning at you!
The bolt of electricity hits you! x2
* * * LOW HITPOINT WARNING * * *
You take 2 damage, and have 14/97 hp.
Your shield and plate armour prevent you from hitting the electric eel.
You hit the electric eel.
The electric eel shoots out a bolt of lightning at you!
The bolt of electricity hits you!
* * * LOW HITPOINT WARNING * * *
The bolt of electricity hits you!
* * * LOW HITPOINT WARNING * * *
You take 13 damage, and have 2/97 hp.
Your shield and plate armour prevent you from hitting the electric eel.
Your headbutt misses the electric eel. You closely miss the electric eel.
You closely miss the electric eel.
The electric eel shoots out a bolt of lightning at you!
The bolt of electricity hits you!
You die...

######****########
##.P..#≈,P##.P...P##
#.#...##,.....P..P.##
.[#.P#.#≈..P.≈P.(.P)##
P....#.##.P.≈≈≈.@...P#
...P≈P..#≈≈≈≈≈≈;≈≈...#
.P≈≈≈≈..##≈≈≈≈#≈≈#≈.P#
≈≈≈≈≈≈≈P.#≈≈≈≈#≈≈#≈≈.#
≈≈.≈≈≈≈≈.##≈≈≈#≈≈#≈≈≈#
≈≈#≈≈≈#≈≈.##≈≈####≈≈##
.###.###≈≈≈#≈** ##≈#
..#...#...≈#*#####.##
...........###....##


You could see an electric eel.

Vanquished Creatures
  Erica (D:9)
  A queen ant (D:8)
  A hill giant (D:8)
  The ghost of canadiangator the Ducker, a novice MiFi of Trog (D:7)
  Pikel (D:6)
  Psyche (D:8)
  A hippogriff (D:8)
  4 yaks (D:9)
  The ghost of Rufus the Conjurer, an amateur NaCj (D:3)
  9 soldier ants (D:8)
  3 orc warriors
  An ice beast (D:5)
  2 black bears
  A sky beast (D:6)
  8 centaurs
  6 ogres
  4 bullfrogs
  2 gnoll sergeants
  2 scorpions
  6 killer bees (D:8)
  A wight (D:9)
  5 howler monkeys
  A centaur zombie (D:8)
  2 crimson imps (D:7)
  A bullfrog zombie (D:7)
  A jelly (D:8)
  4 orc priests
  4 hounds
  7 orc wizards
  A bullfrog skeleton (D:5)
  25 worker ants
  2 iguanas
  12 gnolls
  11 adders
  A shadow imp (D:8)
  An adder zombie (D:6)
  An ooze (D:4)
  An adder skeleton (D:5)
  4 worms
  A dart slug (D:2)
  5 leopard geckos
  14 orcs
  3 ball pythons
  6 giant cockroaches
  5 goblins
  8 hobgoblins
  11 kobolds
  5 quokkas
  4 bats
  5 frilled lizards
  A giant cockroach zombie (D:5)
  8 rats
217 creatures vanquished.

Vanquished Creatures (others)
  A hound (D:9)
1 creature vanquished.

Grand Total: 218 creatures vanquished

Notes
Turn   | Place    | Note
-------+----------+-------------------------------------------
     0 | D:1      | Firecrotchwizard the Minotaur Berserker began the quest for the Orb.
     0 | D:1      | Reached XP level 1. HP: 19/19 MP: 0/0
   235 | D:1      | Reached XP level 2. HP: 18/27 MP: 1/1
   491 | D:1      | Reached skill level 4 in Axes
   650 | D:1      | Reached skill level 3 in Armour
   782 | D:1      | Reached ** piety under Trog
   871 | D:1      | Reached XP level 3. HP: 29/33 MP: 2/2
  1146 | D:2      | Reached skill level 4 in Fighting
  1319 | D:3      | Reached XP level 4. HP: 25/40 MP: 3/3
  1603 | D:3      | Noticed Rufus's ghost (amateur NaCj)
  1616 | D:3      | Killed Rufus's ghost
  1616 | D:3      | Reached skill level 5 in Axes
  1616 | D:3      | Reached skill level 3 in Dodging
  1616 | D:3      | Reached XP level 5. HP: 32/47 MP: 4/4
  2372 | D:4      | Reached skill level 6 in Axes
  2372 | D:4      | Reached XP level 6. HP: 53/53 MP: 5/5
  2390 | D:4      | Found Popuin's Magic Scroll Emporium.
  2398 | D:4      | Bought a scroll of teleportation for 30 gold pieces
  2398 | D:4      | Bought a scroll of teleportation for 30 gold pieces
  2403 | D:4      | Reached skill level 4 in Armour
  2507 | D:4      | Reached skill level 5 in Fighting
  2622 | D:5      | Entered Level 5 of the Dungeon
  2622 | D:5      | Noticed an ice beast
  2632 | D:5      | Killed an ice beast
  2632 | D:5      | Reached skill level 4 in Dodging
  2694 | D:5      | Reached XP level 7. HP: 37/61 MP: 6/6
  2697 | D:5      | HP: 15/61 [gnoll/spear (1)]
  2870 | D:5      | Reached skill level 7 in Axes
  3092 | D:5      | Reached skill level 1 in Shields
  3107 | D:5      | Reached *** piety under Trog
  3107 | D:5      | Reached skill level 5 in Armour
  3344 | D:5      | Reached skill level 2 in Shields
  3537 | D:6      | Found Jaaduc's Armour Emporium.
  3540 | D:6      | Reached XP level 8. HP: 70/70 MP: 7/7
  3591 | D:6      | Reached skill level 6 in Fighting
  3591 | D:6      | Reached skill level 3 in Shields
  3633 | D:6      | Reached skill level 8 in Axes
  3633 | D:6      | Reached skill level 5 in Dodging
  3867 | D:6      | Found a bloodstained altar of Trog.
  3877 | D:6      | Reached skill level 4 in Shields
  3911 | D:6      | Found a staircase to the Ecumenical Temple.
  3914 | D:6      | Noticed Pikel
  3934 | D:6      | Killed Pikel
  3934 | D:6      | Reached skill level 9 in Axes
  3934 | D:6      | Reached skill level 6 in Armour
  3934 | D:6      | Reached skill level 5 in Shields
  3934 | D:6      | Reached XP level 9. HP: 42/78 MP: 8/8
  4328 | D:7      | Reached skill level 7 in Fighting
  4511 | D:7      | Reached skill level 6 in Dodging
  4619 | D:7      | Reached skill level 6 in Shields
  4620 | D:7      | Reached skill level 10 in Axes
  4638 | D:7      | Found a bloodstained altar of Trog.
  4641 | D:7      | Reached **** piety under Trog
  4641 | D:7      | Reached skill level 7 in Armour
  4657 | D:7      | Noticed canadiangator's ghost (novice MiFi)
  4918 | D:7      | Killed canadiangator's ghost
  5311 | D:8      | Reached XP level 10. HP: 79/88 MP: 9/9
  5365 | D:8      | Reached skill level 7 in Shields
  5421 | D:8      | Reached skill level 8 in Fighting
  5501 | D:8      | Reached skill level 7 in Dodging
  5507 | D:8      | Reached skill level 11 in Axes
  5718 | D:8      | Noticed a queen ant
  5761 | D:8      | Killed a queen ant
  5761 | D:8      | Reached skill level 8 in Armour
  5779 | D:8      | Reached ***** piety under Trog
  5796 | D:8      | HP: 22/90 [poisoned by a soldier ant]
  5801 | D:8      | HP: 22/90 [poisoned by a soldier ant]
  6220 | D:8      | Found a hide-covered altar of Uskayaw.
  6227 | D:8      | Found a radiant altar of Vehumet.
  6227 | D:8      | Noticed Psyche
  6232 | D:8      | Killed Psyche
  6287 | D:8      | Noticed a hill giant
  6297 | D:8      | Killed a hill giant
  6297 | D:8      | Reached skill level 9 in Fighting
  6297 | D:8      | Reached skill level 12 in Axes
  6672 | D:9      | Noticed Erica
  6685 | D:9      | Killed Erica
  6685 | D:9      | Reached skill level 8 in Shields
  6685 | D:9      | Reached XP level 11. HP: 96/97 MP: 10/10
  6707 | D:9      | Found a sparkling altar of Nemelex Xobeh.
  6741 | D:9      | Reached skill level 8 in Dodging
  6864 | D:9      | Received a gift from Trog
  6978 | D:9      | Reached skill level 9 in Armour
  7166 | D:9      | HP: 19/97 [electric eel/bolt of electricity (8)]
  7169 | D:9      | HP: 2/97 [electric eel/bolt of electricity (13)]
  7172 | D:9      | Killed from afar by an electric eel

Skill      XL: |  1  2  3  4  5  6  7  8  9 10 11 |
---------------+----------------------------------+-----
Axes           | 4 5 6 7 9 10 12 | 12.5
Armour         | 3 4 5 6 7 8 9 |  9.0
Fighting       | 4 5 6 7 9 |  9.2
Dodging        | 3 4 5 6 7 8 |  8.2
Shields        | 2 5 6 8 |  8.3

Action                   |  1- 3 |  4- 6 |  7- 9 | 10-12 || total
-------------------------+-------+-------+-------+-------++-------
Melee: Hand axe          |    90 |    98 |   330 |   379 ||   897
       Headbutt          |    12 |    27 |    82 |   108 ||   229
       War axe           |       |       |       |    41 ||    41
Throw: Tomahawk          |       |       |       |    11 ||    11
Invok: Trog's Hand       |       |     1 |     1 |     2 ||     4
  Use: Scroll            |     4 |     1 |     4 |     8 ||    17
  Eat: Chunk             |     1 |     5 |     9 |     7 ||    22
Armor: Animal skin       |    19 |       |       |       ||    19
       Chain mail        |    15 |    63 |   110 |    83 ||   271
       Plate armour      |       |       |       |    12 ||    12
Dodge: Dodged            |    45 |    49 |   160 |   160 ||   414
Block: Buckler           |       |       |    83 |    87 ||   170
       Large shield      |       |       |       |    53 ||    53

Vault maps used:
D:1:      evilmike_arrival_run_for_it, st_stairs_3, hangedman_feature_mirror
D:4:      first_bread, serial_shops, shop
D:5:      lightli_minifort
D:6:      minmay_temple_entry_glass, serial_shops, shop, basic_altar, uniq_pikel
D:7:      grunt_ogre_cave, lemuel_centaur_altar
D:8:      nicolae_overflow_hidden_temple, fiery_altar_vehumet,
          minmay_another_anthill, uniq_psyche
D:9:      wad_lake_hut, kennysheep_mini_moat, grunt_ministairs_12,
          nemelex_altar_shiori, uniq_erica

Table legend:
 A = Turns spent in this place as a percentage of turns spent in the entire game.
 B = Non-inter-level travel turns spent in this place as a percentage of non-inter-level travel turns spent in the entire game.
 C = Inter-level travel turns spent in this place as a percentage of turns spent in this place.
 D = Turns resting spent in this place as a percentage of non-inter-level travel turns spent in this place.
 E = Turns spent auto-exploring this place as a percentage of non-inter-level travel turns spent in this place.
 F = Non-inter-level travel turns spent in this place divided by the number of levels of this place that you've seen.
                   A       B       C       D       E      F
               +-------+-------+-------+-------+-------+----------------------
         Total | 100.0 | 100.0 |   0.4 |   3.3 |  10.6 | 261.1
       Dungeon | 100.0 | 100.0 |   0.4 |   3.3 |  10.6 | 261.1
               +-------+-------+-------+-------+-------+----------------------

Table legend:
 A = Kills in this place as a percentage of kills in entire the game.
 B = Kills by you in this place as a percentage of kills by you in the entire game.
 C = Kills by friends in this place as a percentage of kills by friends in the entire game.
 D = Other kills in this place as a percentage of other kills in the entire game.
 E = Experience gained in this place as a percentage of experience gained in the entire game.
 F = Experience gained in this place divided by the number of levels of this place that you have seen.
                   A       B       C       D       E      F
               +-------+-------+-------+-------+-------+----------------------
         Total | 100.0 | 100.0 |  -nan | 100.0 | 100.0 | 1460.8
       Dungeon | 100.0 | 100.0 |  -nan | 100.0 | 100.0 | 1460.8
               +-------+-------+-------+-------+-------+----------------------
